 Dungeon Crawl Stone Soup version 0.24-a0-381-g637bb3806f (webtiles) character file.

Game seed: 6698786056571018193

879 Laiders72 the Digger (level 8, -8/43 HPs)
             Began as a Gargoyle Earth Elementalist on June 3, 2019.
             Was a Follower of Vehumet.
             Mangled by Duvessa
             ... wielding a +0 rapier
              (10 damage)
             ... on level 4 of the Dungeon.
             The game lasted 00:22:25 (5039 turns).

Laiders72 the Digger (Gargoyle Earth Elementalist)  Turns: 5039, Time: 00:22:26

Health: -8/43      AC: 10    Str: 13    XL:     8   Next: 5%
Magic:  0/17       EV:  9    Int: 17    God:    Vehumet [*.....]
Gold:   287        SH:  0    Dex: 14    Spells: 10/19 levels left

rFire    . . .     SeeInvis .   l - +0 dagger (venom)
rCold    . . .     Gourm    .   (no shield)
rNeg     + . .     Faith    .   c - +0 robe
rPois    ∞         Spirit   .   e - +0 helmet
rElec    +         Reflect  .   n - +0 cloak
rCorr    .         Harm     .   q - +0 pair of gloves
MR       .....                  (no boots)
Stlth    ++........             (no amulet)
HPRegen  0.14/turn              w - +4 ring of dexterity
MPRegen  0.15/turn              (no ring)

@: constricted
A: negative energy resistance 1, electricity resistance, unbreathing,
petrification resistance, rot immunity, AC +5
a: Renounce Religion


You were on level 4 of the Dungeon.
You worshipped Vehumet.
Vehumet was aware of your devotion.
You were not hungry.

You visited 1 branch of the dungeon, and saw 5 of its levels.

You collected 287 gold pieces.

Inventory:

Hand Weapons
 l - a +0 dagger of venom (weapon)
Missiles
 a - 15 arrows
 b - 148 stones (quivered)
Armour
 c - a +0 robe (worn)
 e - a +0 helmet (worn)
 n - a +0 cloak (worn)
 q - a +0 pair of gloves (worn)
Jewellery
 j - an uncursed ring of ice
 w - a +4 ring of dexterity (left hand)
Scrolls
 f - 5 scrolls of teleportation
 g - 2 scrolls of remove curse
 i - 2 scrolls of fog {unknown}
 k - 2 scrolls of identify
 m - a scroll of blinking {unknown}
 o - a scroll of immolation {unknown}
 p - a scroll of enchant armour {unknown}
 x - a scroll of enchant weapon {unknown}
Potions
 r - a potion of lignification {unknown}
 s - a potion of heal wounds
 t - a potion of flight
 u - 2 potions of curing
 v - a potion of mutation {unknown}
 z - a potion of degeneration {unknown}
Comestibles
 d - 13 rations
 h - a chunk of flesh


   Skills:
 + Level 1.2 Fighting
 + Level 2.0 Dodging
 - Level 2.1 Stealth
 - Level 6.1 Spellcasting
 - Level 4.0 Conjurations
   Level 0.7 Transmutations
 + Level 6.2 Earth Magic


You had 10 spell levels left.
You knew the following spells:

 Your Spells              Type           Power        Failure   Level  Hunger
a - Sandblast             Erth           ####..       1%          1    None
b - Stone Arrow           Conj/Erth      ###...       4%          3    ##.....
c - Lee's Rapid Deconstr  Erth           ####......   26%         5    #####..

Your spell library contained the following spells:

 Spells                   Type           Power        Failure   Level  Hunger
 Sting                    Conj/Pois      ##..         5%          1    None
 Passwall                 Tmut/Erth      ###.....     4%          2    None
 Petrify                  Tmut/Erth      ###.....     30%         4    ####...


Dungeon Overview and Level Annotations

Branches:
Dungeon (5/15)
 Temple: D:4-7

Altars:
Cheibriados
Dithmenos
Gozag
Okawaru
Sif Muna
Vehumet
Xom

Annotations:
D:4 Duvessa


Innate Abilities, Weirdness & Mutations

You are resistant to torment.
Your stone body is resilient. (AC +5)
You are immune to poison.
You resist negative energy. (rN+)
You are resistant to electric shocks. (rElec)
You can survive without breathing.
You are immune to petrification.
You are immune to rotting.


Message History

Confirm with . or Enter, or press ? or * to list all spells.
Aiming: Sandblast (safe; 1% risk of failure)
Press: ? - help, Shift-Dir - straight line, f/p - Duvessa
Aim: Duvessa, wielding a +0 rapier and wearing a +0 ring mail (almost dead, berserk, fast, unusually strong, poisoned)
The blast of sand misses Duvessa.
b - 149 stones The ball python bites you but does no damage.
The ball python constricts you. Duvessa hits you with a +0 rapier!
* * * LOW HITPOINT WARNING * * *
Casting: Sandblast (safe; 1% risk of failure)
Confirm with . or Enter, or press ? or * to list all spells.
Aiming: Sandblast (safe; 1% risk of failure)
Press: ? - help, Shift-Dir - straight line, f/p - Duvessa
Aim: Duvessa, wielding a +0 rapier and wearing a +0 ring mail (almost dead, berserk, fast, unusually strong, poisoned)
The blast of sand hits Duvessa.
Duvessa is almost dead.
b - 148 stones The ball python barely misses you.
The ball python constricts you. Duvessa hits you with a +0 rapier!
You die...

##....##.# #...###.# #....
##.....##.# ###.# #.# #...#
#.......).# #.# #.# #...#
#......#### #.# #.# #...#
#.....## ########.###.####...#
#..#.## ##....................
#..#)# ##...######.........#.#
#..#)###.....########.####.#..
#...........S@e.# #.....##.#.#
##.#.###.....##.###.###.##..##
#.#.####......<....# #......#
#....#########.###.###.......
#......#######.........##.#..
####....#.#............###.#.#..
#.........#.#########.## ##.....
#....)....#.# #.# #.....
#.........#.# #####.## ##.###.


You could see Duvessa (berserk) and a ball python.

Vanquished Creatures
  A phantom (D:4)
  An ogre (D:4)
  A scorpion (D:4)
  Dowan (D:5)
  Crazy Yiuf (D:3)
  4 hounds
  Terence (D:3)
  3 worker ants (D:4)
  4 orc wizards (D:4)
  Robin (D:2)
  4 gnolls (D:4)
  7 adders
  An ooze (D:1)
  A worm (D:3)
  4 dart slugs
  8 leopard geckos
  11 orcs (D:4)
  7 giant cockroaches
  15 goblins
  21 hobgoblins
  3 jackals (D:1)
  7 kobolds
  4 quokkas
  A ball python (D:1)
  9 bats
  6 frilled lizards
  A leopard gecko zombie (D:3)
  10 rats
138 creatures vanquished.

Notes
Turn   | Place    | Note
-------+----------+-------------------------------------------
     0 | D:1      | Laiders72 the Gargoyle Earth Elementalist began the quest
                  | for the Orb.
     0 | D:1      | Reached XP level 1. HP: 10/10 MP: 3/3
   229 | D:1      | Reached XP level 2. HP: 15/15 MP: 1/5
   638 | D:1      | Reached XP level 3. HP: 19/19 MP: 5/7
  1285 | D:2      | Noticed Robin
  1612 | D:1      | Reached XP level 4. HP: 21/24 MP: 8/8
  1732 | D:2      | Killed Robin
  1732 | D:2      | Reached skill level 5 in Earth Magic
  1947 | D:2      | Learned a level 3 spell: Stone Arrow
  2491 | D:2      | Found a radiant altar of Vehumet.
  2556 | D:3      | Reached XP level 5. HP: 28/28 MP: 3/10
  2588 | D:3      | Noticed Terence
  2605 | D:3      | Killed Terence
  2605 | D:3      | Reached skill level 1 in Conjurations
  3127 | D:3      | Found a shimmering altar of Xom.
  3271 | D:3      | Found a snail-covered altar of Cheibriados.
  3271 | D:3      | Found a deep blue altar of Sif Muna.
  3271 | D:3      | Found an iron altar of Okawaru.
  3285 | D:3      | Found an opulent altar of Gozag.
  3401 | D:3      | Found a runed translucent door.
  3402 | D:3      | Noticed Crazy Yiuf
  3517 | D:3      | Reached XP level 6. HP: 32/32 MP: 6/11
  3554 | D:2      | Became a worshipper of Vehumet
  3652 | D:3      | Found a shadowy altar of Dithmenos.
  3731 | D:3      | Killed Crazy Yiuf
  4108 | D:4      | Reached XP level 7. HP: 15/36 MP: 4/13
  4386 | D:4      | Learned a level 5 spell: Lee's Rapid Deconstruction
  4454 | D:4      | Reached skill level 5 in Spellcasting
  4893 | D:4      | Reached * piety under Vehumet
  4893 | D:4      | Offered knowledge of Sting by Vehumet.
  5023 | D:5      | Entered Level 5 of the Dungeon
  5023 | D:5      | Noticed Dowan
  5024 | D:5      | Noticed Duvessa
  5026 | D:5      | Killed Dowan
  5026 | D:5      | Reached skill level 1 in Fighting
  5026 | D:5      | Reached XP level 8. HP: 43/43 MP: 10/17
  5033 | D:5      | HP: 2/43 [Duvessa/+0 rapier (7)]
  5038 | D:4      | HP: 2/43 [Duvessa/+0 rapier (10)]
  5039 | D:4      | Mangled by Duvessa

Levels and vault maps discovered:
D:1:      scummos_arrival_simple_crosswalls, layout_basic, st_stairs_2,
          minmay_hexomino_c4
D:2:      layout_rooms, nicolae_overflow_hidden_temple, uniq_robin
D:3:      layout_basic, nicolae_dithmenos_through_a_glass_darkly, minitemple,
          minmay_pentomino_pile, uniq_crazy_yiuf_cottage, uniq_terence
D:4:      layout_loops_ring, first_ration
D:5:      layout_layer_cave, uniq_edmund, uniq_duvessa

Skill      XL: |  1  2  3  4  5  6  7 |
---------------+----------------------+-----
Earth Magic    | 4 5 6 |  6.2
Spellcasting   | 3 4 6 |  6.1
Conjurations   | 2 3 4 |  4.0
Fighting       | 1 |  1.2
Dodging        | 2 |  2.0
Stealth        | |  2.1
Transmutations | |  0.7

Action                   |  1- 3 |  4- 6 |  7- 9 || total
-------------------------+-------+-------+-------++-------
Melee: Unarmed           |     7 |       |       ||     7
       Club              |    63 |       |       ||    63
       Dagger            |    21 |   237 |    32 ||   290
 Cast: Sandblast         |    35 |    30 |    19 ||    84
       Stone Arrow       |       |    12 |    15 ||    27
  Use: Scroll            |     1 |     4 |       ||     5
       Potion            |       |       |     1 ||     1
 Stab: Sleeping          |     1 |     1 |       ||     2
  Eat: Chunk             |     3 |     9 |     4 ||    16
Armor: Robe              |    50 |   102 |    17 ||   169
Dodge: Dodged            |   100 |   163 |    31 ||   294

Table legend:
 A = Non-vault XP
 B = Vault XP
 C = Vault XP percentage of total XP
 D = Non-vault monster count
 E = Vault monster count
 F = Vault count percentage of total count
                 A         B        C        D         E       F
            +---------+---------+-------+---------+---------+-------
      Total |    1034 |     223 |  17.7 |     108 |      30 |  21.7
            +---------+---------+-------+---------+---------+-------
        D:1 |      50 |      39 |  43.8 |      27 |      19 |  41.3
        D:2 |      51 |      16 |  23.9 |      21 |       1 |   4.5
        D:3 |     139 |     102 |  42.3 |      29 |       9 |  23.7
        D:4 |     794 |       0 |   0.0 |      31 |       0 |   0.0
        D:5 |       0 |      66 | 100.0 |       0 |       1 | 100.0
            +---------+---------+-------+---------+---------+-------
